 Dungeon Crawl Stone Soup version 0.27.1-33-g824d729ab1 (webtiles) character file.

Game seed: 1359903663083825592

116600 jlumianski the Nimble (level 16, 0/116 HPs)
             Began as a Gnoll Monk on Dec 23, 2021.
             Was the Champion of Hepliaklqana.
             Slain by a wolf spider (12 damage)
             ... on level 1 of the Spider Nest on Dec 24, 2021.
             The game lasted 03:15:07 (29641 turns).

jlumianski the Nimble (Gnoll Monk)                 Turns: 29641, Time: 03:15:10

Health: 0/116      AC: 12    Str: 28    XL:     16   Next: 71%
Magic:  30/31      EV: 18    Int: 14    God:    Hepliaklqana [******]
Gold:   770        SH:  7    Dex: 15    Spells: 13/37 levels left

rFire    + . .     SeeInvis .   r - +0 war axe (spect)
rCold    . . .     Faith    .   R - +0 buckler
rNeg     . . .     Spirit   .   S - +3 leather armour of Wasted Space {rPois rF+}
rPois    +         Reflect  .   (no helmet)
rElec    .         Harm     .   f - scarf {repulsion}
rCorr    .         Rampage  +   Z - +0 pair of gloves "Etoses" {*Slow Regen+ Str+3 Stlth+}
Will     +....                  O - +2 pair of boots
Stlth    ++++++....             n - amulet of the Dragon {Rampage Regen+}
HPRegen  2.29/turn              z - +6 ring of strength
MPRegen  0.22/turn              b - +6 ring of strength

@: studying Ice Magic, repel missiles
A: reduced essence, fangs 1, strong nose, distributed training
a: Renounce Religion, Recall Ancestor, Ancestor Identity, Transference, Idealise


You were on level 1 of the Spider Nest.
You worshipped Hepliaklqana.
Hepliaklqana was exalted by your worship.
You visited 5 branches of the dungeon, and saw 25 of its levels.
You also visited: Bailey and Ice Cave.

You collected 2982 gold pieces.
You spent 2212 gold pieces at shops.

Inventory:

Hand Weapons
 p - a +1 whip of flaming
 r - a +0 spectral war axe (weapon)
 w - a +7 vorpal executioner's axe
 X - a +2 war axe of holy wrath
Missiles
 c - 9 javelins
 k - a throwing net
 B - 11 atropa-tipped darts
 H - 110 boomerangs (quivered)
Armour
 f - a scarf of repulsion (worn)
 E - a scarf of resistance
 O - a +2 pair of boots (worn)
 R - a +0 buckler (worn)
 S - the +3 leather armour of Wasted Space (worn) {rPois rF+}
   (You found it on level 7 of the Dungeon)

   rF:        It protects you from fire.
   rPois:     It protects you from poison.
 Z - the +0 pair of gloves "Etoses" (worn) {*Slow Regen+ Str+3 Stlth+}
   (You bought it in a shop on level 2 of the Orcish Mines)

   Str:       It affects your strength (+3).
   Regen:     It increases your rate of health regeneration.
   *Slow:     It may slow you when you take damage.
   Stlth:     It makes you more stealthy.
Jewellery
 a - an amulet of reflection
 b - a +6 ring of strength (right hand)
 n - the amulet of the Dragon (around neck) {Rampage Regen+}
   (You found it in an ice cave)

   [amulet of regeneration]

   Regen:     It increases your rate of health regeneration.
   Rampage:   It bestows one free step when moving towards enemies.
 z - a +6 ring of strength (left hand)
 F - a ring of flight
 V - a ring of fire
Wands
 j - a wand of charming (10)
 x - a wand of digging (7)
 K - a wand of mindburst (25)
 U - a wand of iceblast (55)
Scrolls
 g - 3 scrolls of immolation
 i - 9 scrolls of identify
 s - 4 scrolls of magic mapping
 t - 3 scrolls of silence
 v - 2 scrolls of blinking
 G - 2 scrolls of fear
 J - 16 scrolls of teleportation
 L - a scroll of fog
 N - a scroll of holy word
Potions
 e - 4 potions of curing
 h - 4 potions of invisibility
 l - 3 potions of heal wounds
 m - a potion of ambrosia
 o - 2 potions of berserk rage
 D - 2 potions of might
 M - 4 potions of cancellation
 Q - 2 potions of haste
 T - 4 potions of resistance
Miscellaneous
 d - a lightning rod (4/4)
 y - a piece from Xom's chessboard (15/15)
 A - a tin of tremorstones (1/2)
 Y - a phial of floods


   Skills:
 + Level 12.5 Fighting
 + Level 11.0 Short Blades
 + Level 11.0 Long Blades
 + Level 12.5 Axes
 + Level 11.0 Maces & Flails
 + Level 11.0 Polearms
 + Level 11.0 Staves
 + Level 11.0 Slings
 + Level 11.0 Bows
 + Level 11.0 Crossbows
 + Level 11.0 Throwing
 + Level 11.0 Armour
 + Level 12.5 Dodging
 + Level 11.7 Stealth
 + Level 11.0 Shields
 + Level 11.0 Unarmed Combat
 + Level 11.0 Spellcasting
 + Level 9.3 Conjurations
 + Level 9.3 Hexes
 + Level 9.3 Summonings
 + Level 9.3 Necromancy
 + Level 9.3 Translocations
 + Level 9.3 Transmutations
 + Level 9.3 Fire Magic
 + Level 10.7 Ice Magic
 + Level 9.3 Air Magic
 + Level 9.3 Earth Magic
 + Level 9.3 Poison Magic
 + Level 11.9 Invocations
 + Level 11.0 Evocations


You had 13 spell levels left.
You knew the following spells:

 Your Spells              Type           Power      Damage    Failure   Level
a - Corona                Hex            36%        N/A       1%          1
b - Ensorcelled Hibernat  Hex/Ice        70%        N/A       1%          2
c - Passwall              Tmut/Erth      27%        N/A       1%          2
d - Tukima's Dance        Hex            33%        N/A       1%          3
e - Swiftness             Air            33%        N/A       1%          3
f - Sticky Flame          Conj/Fire      33%        2d5       2%          4
g - Olgreb's Toxic Radia  Pois           33%        N/A       2%          4
h - Agony                 Necr           33%        N/A       6%          5

Your spell library contained the following spells:

 Spells                   Type           Power      Damage    Failure   Level
 Animate Skeleton         Necr           66%        N/A       1%          1
 Apportation              Tloc           66%        N/A       1%          1
 Foxfire                  Conj/Fire      100%       2x1d9     1%          1
 Magic Dart               Conj           100%       1d8       1%          1
 Summon Small Mammal      Summ           100%       N/A       1%          1
 Searing Ray              Conj           66%        3d5       1%          2
 Slow                     Hex            33%        N/A       1%          2
 Static Discharge         Conj/Air       33%        N/A       1%          2
 Confusing Touch          Hex            33%        N/A       1%          3
 Conjure Flame            Conj/Fire      33%        6-21      1%          3
 Inner Flame              Hex/Fire       33%        N/A       1%          3
 Portal Projectile        Hex/Tloc       66%        N/A       1%          3
 Stone Arrow              Conj/Erth      66%        3d11      1%          3
 Dispel Undead            Necr           33%        3d14      2%          4
 Fulminant Prism          Conj/Hex       16%        3d11      2%          4
 Iskenderun's Mystic Bla  Conj/Tloc      33%        2d8       2%          4
 Freezing Cloud           Conj/Ice/Air   17%        6-21      4%          5
 Alistair's Intoxication  Tmut/Pois      22%        N/A       6%          5
 Blade Hands              Tmut           16%        N/A       6%          5
 Borgnjor's Vile Clutch   Necr/Erth      16%        N/A       6%          5
 Excruciating Wounds      Necr           16%        N/A       6%          5
 Fireball                 Conj/Fire      16%        3d8       6%          5
 Yara's Violent Unravell  Hex/Tmut       16%        3d8       6%          5
 Eringya's Noxious Bog    Tmut/Pois      16%        N/A       32%         6
 Invisibility             Hex            16%        N/A       32%         6
 Ozocubu's Refrigeration  Ice            18%        4d8       71%         7
 Malign Gateway           Summ/Tloc      16%        N/A       88%         7
 Ignition                 Fire           16%        3d7       100%        8
 Summon Horrible Things   Summ           16%        N/A       100%        8


Dungeon Overview and Level Annotations

Branches:
Dungeon (15/15)            Temple (1/1) D:5            Lair (6/6) D:8
 Shoals (0/4) Lair:4       Spider (1/4) Lair:3        Slime (0/5) Lair:5
    Orc (2/2) D:10            Elf (0/3) Orc:2        Vaults (0/5) D:14
 Depths (0/5) D:15         Bailey (visited)           IceCv (visited)

Altars:
Ashenzari
Fedhas
Gozag
Hepliaklqana
Kikubaaqudgha
Ru
Uskayaw
Wu Jian
Yredelemnul
The Shining One
Beogh
Jiyva

Shops:
D:6 (   D:8 [   Orc:2 [([:!

Portals:
Trove: D:13 (give 5 potions of resistance)


Innate Abilities, Weirdness & Mutations

Your life essence is reduced to manifest your ancestor. (-10% HP)
You have very sharp teeth.
Your uncanny sense of smell can sniff out nearby items.
Your experience applies equally to all skills.


Message History

The demonic crawler barely misses you. The demonic crawler hits you.
The demonic crawler closely misses you.
The orb spider spins a strand of pure energy.
You block the wolf spider's attack.
The wolf spider bites you but does no damage.
You begin to meditate on the wall.
You continue meditating on the rock.
The wolf spider barely misses you. The wolf spider bites you!
The demonic crawler hits you but does no damage.
The demonic crawler barely misses you. You block the demonic crawler's attack.
The wolf spider completely misses you.
The wolf spider bites you but does no damage.
The wolf spider misses you. The wolf spider barely misses you.
The wolf spider hits you but does no damage.
The wolf spider bites you but does no damage.
Rodica casts a spell at the orb spider.
The stone arrow hits the orb spider!!
The orb spider dies!
The demonic crawler hits you but does no damage.
You block the demonic crawler's attack. The demonic crawler misses you.
You continue meditating on the rock.
You block the wolf spider's attack. The wolf spider bites you!
The wolf spider closely misses you. x2; The wolf spider barely misses you.
The wolf spider misses you. The demonic crawler misses you.
The demonic crawler closely misses you.
The demonic crawler hits you but does no damage.
The wolf spider misses you. The wolf spider closely misses you.
You continue meditating on the rock.
The wolf spider hits you!
* * * LOW HITPOINT WARNING * * *
The wolf spider barely misses you.
The wolf spider hits you but does no damage.
The wolf spider bites you but does no damage.
The wolf spider hits you.
* * * LOW HITPOINT WARNING * * *
The wolf spider bites you!
* * * LOW HITPOINT WARNING * * *
The demonic crawler misses you.
The demonic crawler completely misses you.
The demonic crawler misses you. The wolf spider hits you!
You die...

#.......#.#..s#^#..
####...^.^.....#.....
#.................##.
#.####.#......>.... #.#
###.^.. ...s... #.# ####.
#.##.## #.# ##### ######
####
#.###.#s####..####..##
#.##.#ss@##...##.....#
#.##..Rss#.....#.....# .
#.###s.#s##....#...^## .#
#)###.†.###...###...###.(
#....^††....s...#s..^s)..
#.....†......s........R..
##..#^†^.............#...
####...###...###...##.#.
#....##.#.#.##....# .


You could see the friendly Rodica the battlemage, a demonic crawler (ally
target), 3 wolf spiders, an orb spider and 2 tarantellas.

Vanquished Creatures
  Agnes (Lair:3)
  An orc warlord (Orc:1)
  A caustic shrike zombie (D:15)
  Nessos (D:13)
  A dire elephant (Lair:6)
  A fire dragon (D:14)
  A boulder beetle (D:15)
  4 hydras
  Erolcha (Orc:2)
  4 centaur warriors
  2 two-headed ogres (D:12)
  A death yak (Lair:6)
  A tengu warrior (D:11)
  A skeletal warrior (D:15)
  A bog body (IceCv)
  A flayed ghost (D:15)
  Pikel (D:3)
  2 harpies (Lair:6)
  3 lindwurms (Lair:3)
  2 deep elf pyromancers (D:13)
  An orb spider (Spider:1)
  An orc knight (Orc:1)
  2 cyclopes
  An oklob plant (Lair:1)
  A wolf spider (Spider:1)
  3 manticores
  2 ugly things (D:15)
  10 elephants
  A salamander (Lair:2)
  A black mamba (Lair:3)
  Joseph (Lair:1)
  8 cane toads
  2 gargoyles
  6 komodo dragons
  4 yaktaurs
  2 anaconda simulacra (IceCv)
  A kobold demonologist (D:13)
  4 rime drakes
  A demonic crawler (Spider:1)
  4 jumping spiders
  2 polar bears
  A wolf spider simulacrum (D:15)
  Grinder (D:4)
  Prince Ribbit (D:7)
  4 wind drakes (Lair:6)
  7 blink frogs
  16 dream sheep
  5 wraiths
  3 tarantellas
  12 redbacks
  An ice dragon skeleton (D:15)
  A water elemental (D:14)
  47 yaks
  2 wyverns
  2 basilisks
  Eustachio (D:4)
  13 humans (D:14)
  A human (shapeshifter) (D:15)
  Edmund (D:4)
  A death yak simulacrum (IceCv)
  A vampire mosquito (D:11)
  Menkaure (D:6)
  2 harpy simulacra (IceCv)
  6 water moccasins
  An acid dragon (D:10)
  18 orc warriors
  An ice beast (D:5)
  2 black bears
  A sky beast (D:4)
  A necrophage (D:5)
  7 ogres
  10 centaurs
  Blork the orc (D:5)
  A kobold brigand (D:9)
  3 two-headed ogre simulacra (IceCv)
  10 bullfrogs
  2 gnoll sergeants
  A cane toad simulacrum (IceCv)
  A wyvern zombie (D:7)
  3 scorpions
  A wyvern skeleton (D:7)
  2 wights
  An elephant simulacrum (IceCv)
  2 electric eels
  A crimson imp (D:5)
  2 centaur zombies
  3 hounds
  9 orc priests
  3 iguanas
  A jelly (D:7)
  A bullfrog skeleton (D:6)
  18 orc wizards
  2 polar bear simulacra (IceCv)
  A spriggan simulacrum (IceCv)
  3 wolf simulacra (IceCv)
  A troll simulacrum (IceCv)
  15 gnolls
  A howler monkey skeleton (D:7)
  3 naga simulacra (IceCv)
  2 adders
  6 white imps
  5 ufetubi (IceCv)
  3 worms (D:4)
  2 dart slugs
  77 orcs
  8 ball pythons
  5 endoplasms
  5 giant cockroaches
  A goblin (D:4)
  11 hobgoblins
  3 jackals (D:1)
  19 kobolds
  2 quokkas
  7 bats
  6 frilled lizards
  8 rats
  A butterfly (Lair:1)
  A fire vortex (Lair:2)
524 creatures vanquished.

Vanquished Creatures (collateral kills)
  Jorgrun (D:14)
  An orc warlord (Orc:2)
  Josephine (D:13)
  A vault guard (D:14)
  7 hydras
  A boulder beetle (Lair:4)
  A merfolk avatar (Lair:6)
  2 centaur warriors (D:14)
  A two-headed ogre (shapeshifter) (D:14)
  A two-headed ogre (Orc:1)
  A slime creature (D:12)
  A skeletal warrior (D:15)
  A bog body (IceCv)
  A wizard (D:14)
  A necromancer (D:15)
  2 cyclopes
  A lindwurm (Lair:3)
  A frost giant zombie (D:15)
  A wolf spider (Spider:1)
  2 ugly things
  An orb spider (Spider:1)
  5 manticores
  Maurice (D:9)
  An ice statue (IceCv)
  13 elephants
  2 cane toads (Lair:6)
  3 black mambas
  A stone giant skeleton (D:15)
  A gargoyle (D:13)
  A yaktaur (D:13)
  3 rime drakes
  An ice devil (IceCv)
  3 komodo dragons (Lair:6)
  A demonic crawler (Spider:1)
  An anaconda simulacrum (IceCv)
  3 trolls
  2 hornets
  5 jumping spiders
  5 blink frogs
  A meliai zombie (D:11)
  10 dream sheep
  6 redbacks
  4 tarantellas (Spider:1)
  A dire elephant simulacrum (IceCv)
  A shadow (D:11)
  A basilisk (Lair:4)
  4 wyverns
  7 humans (D:14)
  A wraith (D:13)
  23 yaks
  A vampire mosquito (D:11)
  2 steam dragons
  3 water moccasins
  17 orc warriors
  An ice beast (D:7)
  2 black bears
  A necrophage (D:7)
  5 ogres
  4 wolves (Lair:1)
  2 centaurs
  A kobold brigand (D:10)
  A gnoll sergeant (D:10)
  A scorpion (D:10)
  2 two-headed ogre simulacra (IceCv)
  3 wights
  An elephant simulacrum (IceCv)
  2 electric eels (Lair:2)
  A centaur zombie (D:9)
  10 orc priests
  An iguana (D:5)
  13 orc wizards
  A troll simulacrum (IceCv)
  2 spriggan simulacra (IceCv)
  2 howler monkey zombies
  12 gnolls
  3 naga simulacra (IceCv)
  3 adders (D:10)
  4 white imps (IceCv)
  3 ufetubi (IceCv)
  28 orcs
  3 bats (D:10)
  2 hobgoblins (Bailey)
  8 kobolds
  2 butterflies (Lair:1)
288 creatures vanquished.

Vanquished Creatures (others)
  3 dancing weapons (Orc:2)
  12 battlemagi
  55 fungi
  100 plants
  2 withered plants (D:15)
172 creatures vanquished.

Grand Total: 984 creatures vanquished

Notes
Turn   | Place    | Note
-------+----------+-------------------------------------------
     0 | D:1      | jlumianski the Gnoll Monk began the quest for the Orb.
     0 | D:1      | Reached XP level 1. HP: 23/23 MP: 1/1
   160 | D:1      | Reached XP level 2. HP: 26/29 MP: 2/2
   626 | D:1      | Reached XP level 3. HP: 35/35 MP: 3/3
   979 | D:2      | Reached skill level 1 in Invocations
  1384 | D:2      | Found a faded altar of an unknown god.
  1676 | D:2      | Reached skill level 1 in Short Blades
  1676 | D:2      | Reached skill level 1 in Long Blades
  1676 | D:2      | Reached skill level 1 in Maces & Flails
  1676 | D:2      | Reached skill level 1 in Polearms
  1676 | D:2      | Reached skill level 1 in Staves
  1676 | D:2      | Reached skill level 1 in Slings
  1676 | D:2      | Reached skill level 1 in Bows
  1676 | D:2      | Reached skill level 1 in Crossbows
  1676 | D:2      | Reached skill level 1 in Throwing
  1676 | D:2      | Reached skill level 1 in Armour
  1676 | D:2      | Reached skill level 1 in Shields
  1676 | D:2      | Reached skill level 1 in Unarmed Combat
  1676 | D:2      | Reached skill level 1 in Spellcasting
  1676 | D:2      | Reached skill level 1 in Evocations
  2036 | D:2      | Reached XP level 4. HP: 41/41 MP: 5/5
  2209 | D:3      | Learned a level 1 spell: Corona
  2494 | D:3      | Reached skill level 1 in Conjurations
  2494 | D:3      | Reached skill level 1 in Hexes
  2494 | D:3      | Reached skill level 1 in Summonings
  2494 | D:3      | Reached skill level 1 in Necromancy
  2494 | D:3      | Reached skill level 1 in Translocations
  2494 | D:3      | Reached skill level 1 in Transmutations
  2494 | D:3      | Reached skill level 1 in Fire Magic
  2494 | D:3      | Reached skill level 1 in Ice Magic
  2494 | D:3      | Reached skill level 1 in Air Magic
  2494 | D:3      | Reached skill level 1 in Earth Magic
  2494 | D:3      | Reached skill level 1 in Poison Magic
  2604 | D:4      | Noticed a sky beast
  2985 | D:3      | Found a sacrificial altar of Ru.
  3142 | D:4      | Killed a sky beast
  3143 | D:4      | Reached XP level 5. HP: 38/47 MP: 7/7
  3206 | D:4      | Noticed Eustachio
  3214 | D:4      | Killed Eustachio
  3215 | D:4      | Reached XP level 6. HP: 41/53 MP: 9/9
  3378 | D:4      | Noticed Grinder
  3548 | D:4      | Killed Grinder
  3549 | D:4      | Reached XP level 7. HP: 44/60 MP: 10/10
  3739 | D:4      | Noticed Pikel
  3809 | D:3      | Killed Pikel
  3810 | D:3      | Reached skill level 5 in Stealth
  3810 | D:3      | Reached XP level 8. HP: 62/67 MP: 12/12
  4099 | D:5      | Entered Level 5 of the Dungeon
  4397 | D:4      | Noticed Edmund
  4414 | D:4      | Killed Edmund
  5076 | D:5      | Reached XP level 9. HP: 66/72 MP: 14/14
  5403 | D:5      | Noticed Blork the orc
  5410 | D:5      | Killed Blork the orc
  5499 | D:5      | Found a staircase to the Ecumenical Temple.
  5522 | Temple   | Entered the Ecumenical Temple
  5534 | Temple   | Became a worshipper of Hepliaklqana the Forgotten
  5534 | Temple   | Reached * piety under Hepliaklqana
  5534 | Temple   | Reached ** piety under Hepliaklqana
  5535 | Temple   | Remembered your ancestor Rodica as a battlemage
  5935 | D:6      | Found Gymiqeiw's Weapon Shop.
  6010 | D:6      | Identified a scroll of acquirement
  6010 | D:6      | Acquired a +6 vorpal executioner's axe
  6020 | D:6      | Noticed Menkaure
  6027 | D:6      | Killed Menkaure
  6028 | D:6      | Reached skill level 5 in Invocations
  6035 | D:6      | Learned a level 2 spell: Ensorcelled Hibernation
  6377 | D:7      | Found a hide-covered altar of Uskayaw.
  6378 | D:7      | Found an ancient bone altar of Kikubaaqudgha.
  6414 | D:7      | Reached XP level 10. HP: 58/72 MP: 17/17
  6489 | D:7      | Identified the +3 leather armour of Wasted Space {rPois
                  | rF+}
  6505 | D:7      | Noticed Prince Ribbit
  6509 | D:7      | Killed Prince Ribbit
  6599 | D:7      | Reached skill level 5 in Short Blades
  6599 | D:7      | Reached skill level 5 in Long Blades
  6599 | D:7      | Reached skill level 5 in Maces & Flails
  6599 | D:7      | Reached skill level 5 in Polearms
  6599 | D:7      | Reached skill level 5 in Staves
  6599 | D:7      | Reached skill level 5 in Slings
  6599 | D:7      | Reached skill level 5 in Bows
  6599 | D:7      | Reached skill level 5 in Crossbows
  6599 | D:7      | Reached skill level 5 in Throwing
  6599 | D:7      | Reached skill level 5 in Armour
  6599 | D:7      | Reached skill level 5 in Shields
  6599 | D:7      | Reached skill level 5 in Unarmed Combat
  6599 | D:7      | Reached skill level 5 in Spellcasting
  6599 | D:7      | Reached skill level 5 in Evocations
  6675 | D:7      | Found a flagged portal.
  6682 | D:7      | Reached *** piety under Hepliaklqana
  6694 | Bailey   | Entered a bailey
  7615 | D:7      | Identified the +2 leather armour of the Moon {Rampage
                  | Int+2}
  7618 | D:7      | Noticed a manticore
  7628 | D:7      | Killed a manticore
  8099 | D:8      | Learned a level 2 spell: Passwall
  8156 | D:8      | Found a basalt altar of Yredelemnul.
  8268 | D:8      | Found a faded altar of an unknown god.
  8268 | D:8      | Found a faded altar of an unknown god.
  8275 | D:8      | Found a glowing golden altar of the Shining One.
  8277 | D:8      | Found a broken altar of Ashenzari.
  8279 | D:8      | Found an opulent altar of Gozag.
  8335 | D:8      | Found Judec's Armour Emporium.
  8343 | D:8      | Bought a +3 scale mail of willpower for 338 gold pieces
  8439 | D:8      | Found a staircase to the Lair.
  8477 | D:8      | Reached skill level 5 in Conjurations
  8477 | D:8      | Reached skill level 5 in Hexes
  8477 | D:8      | Reached skill level 5 in Summonings
  8477 | D:8      | Reached skill level 5 in Necromancy
  8477 | D:8      | Reached skill level 5 in Translocations
  8477 | D:8      | Reached skill level 5 in Transmutations
  8477 | D:8      | Reached skill level 5 in Fire Magic
  8477 | D:8      | Reached skill level 5 in Ice Magic
  8477 | D:8      | Reached skill level 5 in Air Magic
  8477 | D:8      | Reached skill level 5 in Earth Magic
  8477 | D:8      | Reached skill level 5 in Poison Magic
  8477 | D:8      | Reached XP level 11. HP: 79/79 MP: 20/20
  8719 | D:9      | Noticed Maurice
  8737 | D:9      | Killed Maurice
  8803 | D:9      | Reached **** piety under Hepliaklqana
  9677 | D:10     | Entered Level 10 of the Dungeon
  9904 | D:10     | Reached XP level 12. HP: 82/86 MP: 22/22
 10218 | D:10     | Found a staircase to the Orcish Mines.
 10956 | D:11     | Noticed a tengu warrior
 10967 | D:11     | Killed a tengu warrior
 11330 | D:11     | Noticed a six-headed hydra
 11490 | D:11     | Killed a 12-headed hydra
 12280 | D:12     | Noticed a two-headed ogre
 12296 | D:12     | Killed a two-headed ogre
 12297 | D:12     | Reached skill level 10 in Fighting
 12297 | D:12     | Reached skill level 10 in Axes
 12297 | D:12     | Reached skill level 10 in Dodging
 12793 | D:12     | Noticed a two-headed ogre
 12804 | D:12     | Killed a two-headed ogre
 13150 | D:13     | Noticed a centaur warrior
 13160 | D:13     | Killed a centaur warrior
 13488 | D:13     | Noticed a centaur warrior
 13495 | D:13     | Killed a centaur warrior
 13548 | D:13     | Found a portal to a secret trove of treasure.
 13601 | D:13     | Noticed Nessos
 13658 | D:13     | Reached XP level 13. HP: 82/92 MP: 24/24
 14193 | D:13     | HP: 2/92 [poisoned by Nessos]
 14206 | D:13     | Killed Nessos
 14548 | Lair:1   | Entered Level 1 of the Lair of Beasts
 14629 | Orc:1    | Entered Level 1 of the Orcish Mines
 15173 | Orc:1    | Reached ***** piety under Hepliaklqana
 15617 | Orc:1    | Learned a level 3 spell: Tukima's Dance
 15735 | Orc:2    | Entered Level 2 of the Orcish Mines
 15737 | Orc:2    | Noticed an orc warlord
 15806 | Orc:2    | Noticed Erolcha
 15910 | Orc:2    | Found Viczosymm's Book Emporium.
 16107 | Orc:2    | Found Enoytez's Distillery.
 16139 | Orc:2    | Bought a potion of heal wounds for 75 gold pieces
 16172 | Orc:2    | Found a staircase to the Elven Halls.
 16302 | Orc:1    | Learned a level 3 spell: Swiftness
 16576 | Orc:2    | Killed an orc warlord
 16652 | Orc:2    | Killed Erolcha
 17061 | Orc:2    | Found Neadowk's Antique Armour Boutique.
 17071 | Orc:2    | Bought a steaming buckler for 228 gold pieces
 17071 | Orc:2    | Identified the +3 buckler of Okawaru's Approval {-Cast
                  | *Corrode Str+2 Dex+9} (You bought it in a shop on level 2
                  | of the Orcish Mines)
 17071 | Orc:2    | Bought a glowing scarf for 192 gold pieces
 17071 | Orc:2    | Bought a pair of boots for 108 gold pieces
 17223 | Orc:2    | Noticed an orc warlord
 17601 | Orc:1    | Killed an orc warlord
 17857 | Orc:2    | Found Ciull's Antique Armour Emporium.
 17866 | Orc:2    | Found Zekhlaly's Antique Weapon Shoppe.
 17915 | Orc:2    | Bought a pair of faintly glowing gloves for 180 gold pieces
 17915 | Orc:2    | Identified the +0 pair of gloves "Etoses" {*Slow Regen+
                  | Str+3 Stlth+} (You bought it in a shop on level 2 of the
                  | Orcish Mines)
 17920 | Orc:2    | Bought a buzzing scale mail for 171 gold pieces
 17920 | Orc:2    | Identified the +0 scale mail "Ziodyik" {Will+} (You bought
                  | it in a shop on level 2 of the Orcish Mines)
 17920 | Orc:2    | Bought a fading ring mail for 171 gold pieces
 17920 | Orc:2    | Identified the +0 ring mail "Wanutuo" {rC- Str+3 Dex+4}
                  | (You bought it in a shop on level 2 of the Orcish Mines)
 17926 | Orc:2    | Bought a glowing war axe for 221 gold pieces
 19117 | Lair:1   | Noticed Joseph
 19128 | Lair:1   | Killed Joseph
 19546 | Lair:2   | Found a frozen archway.
 19578 | IceCv    | Entered an ice cave
 19602 | IceCv    | Reached XP level 14. HP: 99/99 MP: 26/26
 20037 | IceCv    | Identified the amulet of the Dragon {Rampage Regen+}
 21107 | Lair:2   | Found a blossoming altar of Fedhas.
 21150 | Lair:2   | Reached skill level 10 in Stealth
 21617 | Lair:3   | Reached skill level 10 in Invocations
 22017 | Lair:3   | Found a hole to the Spider Nest.
 22678 | Lair:4   | Reached ****** piety under Hepliaklqana
 22969 | Lair:4   | Found a staircase to the Shoals.
 23283 | Lair:4   | Learned a level 4 spell: Sticky Flame
 23513 | Orc:2    | Bought the Unrestrained Analects for 528 gold pieces
 23518 | Orc:2    | Learned a level 4 spell: Olgreb's Toxic Radiance
 24091 | Lair:4   | Reached XP level 15. HP: 105/107 MP: 24/28
 24126 | Lair:4   | Acquired Sif Muna's Guide on Damaging Evil
 24293 | Lair:5   | Found a viscous altar of Jiyva.
 24294 | Lair:5   | Found a staircase to the Slime Pits.
 24848 | Lair:6   | Entered Level 6 of the Lair of Beasts
 24857 | Lair:6   | Paralysed by a hornet for 1 turns
 25140 | Lair:6   | Reached skill level 10 in Short Blades
 25140 | Lair:6   | Reached skill level 10 in Long Blades
 25140 | Lair:6   | Reached skill level 10 in Maces & Flails
 25140 | Lair:6   | Reached skill level 10 in Polearms
 25140 | Lair:6   | Reached skill level 10 in Staves
 25140 | Lair:6   | Reached skill level 10 in Slings
 25140 | Lair:6   | Reached skill level 10 in Bows
 25140 | Lair:6   | Reached skill level 10 in Crossbows
 25140 | Lair:6   | Reached skill level 10 in Throwing
 25140 | Lair:6   | Reached skill level 10 in Armour
 25140 | Lair:6   | Reached skill level 10 in Shields
 25140 | Lair:6   | Reached skill level 10 in Unarmed Combat
 25140 | Lair:6   | Reached skill level 10 in Spellcasting
 25140 | Lair:6   | Reached skill level 10 in Evocations
 25333 | Lair:6   | Found a basalt altar of Yredelemnul.
 25828 | Lair:6   | Found the +8 demon trident "Rift" {distort, reach+}
 26853 | D:13     | Noticed Josephine
 26861 | D:13     | Killed Josephine
 27277 | D:14     | Reached skill level 10 in Ice Magic
 27277 | D:14     | Reached XP level 16. HP: 87/114 MP: 25/30
 27492 | D:14     | Found a gate to the Vaults.
 27665 | D:14     | Noticed Jorgrun
 27680 | D:14     | Killed Jorgrun
 27992 | D:15     | Entered Level 15 of the Dungeon
 28012 | D:15     | Found a staircase to the Depths.
 28286 | D:15     | Found an ornate altar of the Wu Jian Council.
 29154 | Lair:3   | Learned a level 5 spell: Agony
 29155 | Spider:1 | Entered Level 1 of the Spider Nest
 29160 | Spider:1 | Noticed Agnes
 29178 | Lair:3   | Killed Agnes
 29641 | Spider:1 | Slain by a wolf spider

Illustrated notes

Levels and vault maps discovered:
D:1:      tarquinn_simple_flora_water_b, layout_basic
D:2:      layout_rooms, shapermc_ecumenical_altar_totnotflames,
          chequers_serial_rivers_micro_b, minmay_misc_feat_rows
D:3:      layout_basic, nicolae_ru_path_of_blood, minmay_bisected
D:4:      layout_basic, uniq_pikel, uniq_edmund, uniq_eustachio, uniq_grinder
D:5:      minmay_diamond_boxcup, layout_loops_ring,
          minmay_temple_entry_nine_rooms, minmay_fire_ice_demons,
          uniq_blork_the_orc
D:6:      layout_cave_pools, serial_shops, shop, uniq_menkaure
D:7:      layout_cave_pools, mainiacjoe_overflow_catch_the_wave, serial_glass,
          glass_columns_b, glass_columns_c, glass_columns_c, glass_columns_c,
          enter_bailey_1, uniq_prince_ribbit1
D:8:      layout_cave_pools, chequers_temple_overflow_minitemple,
          amcnicky_altar_gilded, dpeg_oklobed_lair, serial_shops, shop
D:9:      layout_irregular_city, chequers_serial_rivers_micro_c,
          eino_tiny_chamber, uniq_maurice
D:10:     old_forge, layout_basic, kennysheep_orc_monster_closet_entryway,
          serial_bayou_pond_d
D:11:     layout_long_grid, gauntlet_entry_generic, nicolae_twisting_strands
D:12:     layout_basic, serial_rivers, chequers_serial_rivers_micro_d,
          chequers_serial_rivers_micro_c, chequers_serial_rivers_room_b,
          chequers_serial_rivers_small_3
D:13:     layout_layer_cave, enter_trove_1, chequers_serial_rivers_small_b,
          uniq_nessos, uniq_josephine
D:14:     layout_cross, grunt_vaults_entry_tiered, nicolae_water_bricks,
          uniq_jorgrun
D:15:     gammafunk_depths_entry_grave, layout_gridville,
          nicolae_wu_jian_immortal_techniques
Temple:   regret_index_temple_generic_petals
Lair:1:   layout_hall_layers, lemuel_fruit_fields, grunt_megastairs_2,
          minmay_lair_oklob_chamber, uniq_joseph
Lair:2:   layout_gridlike, basic_altar, portal_ice_cave_rime,
          serial_bayou_shore_b, serial_bayou_shore_a, grunt_megastairs_3
Lair:3:   layout_long_grid, nicolae_spider_entry_tight_spaces,
          minmay_lindwurm_lava
Lair:4:   layout_cave_pods, minmay_shoals_entry_centaurs, serial_bayou_pond_c
Lair:5:   layout_regular_city, slime_altar_1
Lair:6:   gammafunk_lair_ancient_temple, layout_small_grid, basic_altar,
          minivault_11, serial_bayou_pond_c, st_stairs_5
Spider:1: layout_spider_delve, drop_trap, nicolae_spider_claw_tunnel,
          uniq_agnes, uniq_azrael
Orc:1:    layout_caves, guppyfry_library_mini
Orc:2:    grunt_orc_community_town_hall, layout_caves,
          grunt_orc_community_big_house_1, grunt_orc_community_big_house_1,
          grunt_orc_community_house_2, grunt_orc_community_house_3,
          grunt_orc_community_house_1, grunt_orc_community_house_1,
          grunt_orc_community_house_3, serial_shops, nicolae_shop_waterfront,
          uniq_erolcha

Skill      XL: |  1  2  3  4  5  6  7  8  9 10 11 12 13 14 15 16 |
---------------+-------------------------------------------------+-----
Invocations    | 1 2 3 4 5 7 8 9 10 11 | 11.9
Short Blades   | 1 2 3 4 6 7 8 9 10 11 | 11.0
Long Blades    | 1 2 3 4 6 7 8 9 10 11 | 11.0
Maces & Flails | 1 2 3 4 6 7 8 9 10 11 | 11.0
Polearms       | 1 2 3 4 6 7 8 9 10 11 | 11.0
Staves         | 1 2 3 4 6 7 8 9 10 11 | 11.0
Slings         | 1 2 3 4 6 7 8 9 10 11 | 11.0
Bows           | 1 2 3 4 6 7 8 9 10 11 | 11.0
Crossbows      | 1 2 3 4 6 7 8 9 10 11 | 11.0
Throwing       | 1 2 3 4 6 7 8 9 10 11 | 11.0
Armour         | 1 2 3 4 6 7 8 9 10 11 | 11.0
Shields        | 1 2 3 4 6 7 8 9 10 11 | 11.0
Unarmed Combat | 1 2 3 4 6 7 8 9 10 11 | 11.0
Spellcasting   | 1 2 3 4 6 7 8 9 10 11 | 11.0
Evocations     | 1 2 3 4 6 7 8 9 10 11 | 11.0
Conjurations   | 1 2 3 4 5 6 7 8 9 |  9.3
Hexes          | 1 2 3 4 5 6 7 8 9 |  9.3
Summonings     | 1 2 3 4 5 6 7 8 9 |  9.3
Necromancy     | 1 2 3 4 5 6 7 8 9 |  9.3
Translocations | 1 2 3 4 5 6 7 8 9 |  9.3
Transmutations | 1 2 3 4 5 6 7 8 9 |  9.3
Fire Magic     | 1 2 3 4 5 6 7 8 9 |  9.3
Ice Magic      | 1 2 3 4 5 6 7 8 10 | 10.7
Air Magic      | 1 2 3 4 5 6 7 8 9 |  9.3
Earth Magic    | 1 2 3 4 5 6 7 8 9 |  9.3
Poison Magic   | 1 2 3 4 5 6 7 8 9 |  9.3
Fighting       | 7 8 9 10 11 12 | 12.5
Axes           | 7 8 9 10 11 12 | 12.5
Dodging        | 7 8 9 10 11 12 | 12.5
Stealth        | 5 6 7 8 9 10 11 | 11.7

Action                   |  1- 3 |  4- 6 |  7- 9 | 10-12 | 13-15 | 16-18 || total
-------------------------+-------+-------+-------+-------+-------+-------++-------
Melee: Hand axe          |   147 |    19 |       |       |    26 |     3 ||   195
       Bite              |    11 |     3 |    14 |    40 |   151 |    31 ||   250
       War axe           |       |    40 |   122 |   248 |   642 |   139 ||  1191
       Punch             |       |       |     3 |       |       |       ||     3
       Executioner's axe |       |       |     5 |       |       |     2 ||     7
       Halberd           |       |       |       |       |     5 |       ||     5
Throw: Javelin           |     2 |       |       |       |       |       ||     2
       Dart              |     3 |    20 |    30 |    29 |     3 |       ||    85
       Boomerang         |       |       |       |       |    13 |    18 ||    31
 Cast: Corona            |       |       |       |     2 |       |       ||     2
       Ensorcelled Hiber |       |       |       |     1 |     5 |       ||     6
       Tukima's Dance    |       |       |       |       |    17 |     1 ||    18
       Swiftness         |       |       |       |       |     3 |       ||     3
       Olgreb's Toxic Ra |       |       |       |       |    12 |     2 ||    14
       Passwall          |       |       |       |       |     1 |     1 ||     2
       Sticky Flame      |       |       |       |       |    11 |     7 ||    18
Invok: Recall Ancestor   |       |       |     1 |       |     4 |     3 ||     8
       Ancestor Life: Ba |       |       |     1 |       |       |       ||     1
       Idealise          |       |       |       |     1 |       |       ||     1
Evoke: Wand              |       |       |       |       |     2 |       ||     2
       Phial of floods   |       |       |       |       |     2 |       ||     2
       Piece from Xom's  |       |       |       |       |     1 |       ||     1
       Tin of tremorston |       |       |       |       |     3 |     1 ||     4
  Use: Scroll            |       |     8 |     7 |     8 |     8 |     2 ||    33
       Potion            |       |       |       |     4 |     6 |     2 ||    12
 Stab: Sleeping          |     7 |     3 |     3 |     3 |    22 |    11 ||    49
       Distracted        |       |     1 |     2 |     8 |    30 |     4 ||    45
Armor: Robe              |    11 |       |       |       |       |       ||    11
       Ring mail         |    25 |    17 |    31 |       |       |       ||    73
       Leather armour    |       |       |       |     8 |    54 |    66 ||   128
       Scale mail        |       |       |       |    56 |   102 |       ||   158
       Skin              |       |       |       |       |    12 |       ||    12
Dodge: Dodged            |   100 |    25 |    67 |   162 |   539 |   155 ||  1048
       Repelled          |     2 |       |       |     4 |     9 |     1 ||    16
Block: Buckler           |       |       |       |    49 |   215 |    58 ||   322
